 Dungeon Crawl Stone Soup version 0.23.2-1-ga50397a (webtiles) character file.

Game seed: 10624700330629197846

362 night the Ruffian (level 6, -16/34 HPs)
             Began as a Gargoyle Transmuter on May 2, 2019.
             Was an Initiate of Dithmenos.
             Demolished by Menkaure (17 damage)
             ... on level 4 of the Dungeon.
             The game lasted 00:10:47 (4671 turns).

night the Ruffian (Gargoyle Transmuter)             Turns: 4671, Time: 00:10:48

Health: -16/34     AC: 13    Str: 16    XL:     6   Next: 66%
Magic:  0/9        EV: 11    Int: 13    God:    Dithmenos [......]
Gold:   223        SH:  0    Dex: 10    Spells: 1/9 levels left

rFire    . . .     SeeInvis .     - Unarmed
rCold    . . .     Gourm    .   (no shield)
rNeg     + . .     Faith    .   m - +4 ring mail {rPois}
rPois    ∞         Spirit   +   (no helmet)
rElec    +         Reflect  .   v - scarf {Spirit}
rCorr    .         Harm     .   (no gloves)
MR       .....                  (boots currently unavailable)
Stlth    ..........             (no amulet)
HPRegen  0.11/turn              (no ring)
MPRegen  0.11/turn              (no ring)

@: appendage (expiring)
A: talons 3, negative energy resistance 1, electricity resistance, unbreathing,
petrification resistance, rot immunity, AC +4
a: End Transformation, Renounce Religion


You were on level 4 of the Dungeon.
You worshipped Dithmenos.
Dithmenos was noncommittal.
You were not hungry.
You had grown temporary talons.
You visited 2 branches of the dungeon, and saw 5 of its levels.

You collected 223 gold pieces.

Inventory:

Hand Weapons
 b - a +0 hunting sling
Missiles
 f - 211 stones (quivered)
 g - 8 tomahawks
Armour
 m - a +4 ring mail of poison resistance (worn)
 p - a +0 robe
 v - a scarf of spirit shield (worn)
Scrolls
 k - 2 scrolls of enchant armour {unknown}
 o - a scroll of fear {unknown}
 q - a scroll of fog {unknown}
 r - 2 scrolls of remove curse {unknown}
 t - a scroll of blinking {unknown}
 u - 2 scrolls of identify {unknown}
 w - a scroll of magic mapping {unknown}
Potions
 c - a potion of brilliance {unknown}
 e - 2 potions of lignification {unknown}
 h - 2 potions of haste {unknown}
 i - 3 potions of ambrosia {unknown}
 j - a potion of curing {unknown}
 l - 4 potions of mutation {unknown}
 n - a potion of might {unknown}
Comestibles
 d - 7 rations
 s - 8 chunks of flesh


   Skills:
 - Level 1.1 Fighting
 + Level 2.3 Armour
 - Level 1.5 Dodging
 + Level 4.5 Unarmed Combat
 - Level 2.0 Spellcasting
 * Level 4.4 Transmutations


You had one spell level left.
You knew the following spells:

 Your Spells              Type           Power        Failure   Level  Hunger
a - Beastly Appendage     Tmut           ##....       8%          1    ##.....
b - Sticks to Snakes      Tmut           ##......     12%         2    ###....
c - Blade Hands           Tmut           ##........   91%         5    ######.

Your spell library contained the following spells:

 Spells                   Type           Power        Failure   Level  Hunger
 Spider Form              Tmut/Pois      #.........   50%         3    ####...
 Ice Form                 Ice/Tmut       #.......     88%         4    #####..


Dungeon Overview and Level Annotations

Branches:
Dungeon (4/15)             Temple (1/1) D:4

Altars:
Ashenzari
Cheibriados
Dithmenos
Elyvilon
Fedhas
Gozag
Hepliaklqana
Kikubaaqudgha
Makhleb
Nemelex Xobeh
Okawaru
Ru
Sif Muna
Trog
Uskayaw
Vehumet
Wu Jian
Yredelemnul
The Shining One

Annotations:
D:4 Menkaure


Innate Abilities, Weirdness & Mutations

You are resistant to torment.
Your stone body is resilient. (AC +4)
You are immune to poison.
You resist negative energy. (rN+)
You are resistant to electric shocks. (rElec)
You can survive without breathing.
You are immune to petrification.
You are immune to rotting.
You have claws for feet.


Message History

Menkaure hits you!
You hit Menkaure but do no damage. You claw Menkaure.
Menkaure is moderately damaged.
Menkaure calls on the powers of darkness!
Your body is wracked with pain!
You barely miss Menkaure. You claw Menkaure.
Menkaure is heavily damaged.
Menkaure closely misses you.
You hit Menkaure. Your kick misses Menkaure.
Menkaure is severely damaged.
Your transformation is almost over.
Menkaure hits you!
* * * LOW HITPOINT WARNING * * *
You hit Menkaure.
Menkaure is severely damaged.
Menkaure hits you.
* * * LOW HITPOINT WARNING * * *
Menkaure hits you!
Ouch! That really hurt!
You die...

......)###.....)# # .. # .......#
##...### #≈#§ ≈# #.....## ##..#
#≈#.##§ #.....######..# ≈≈..≈ ###
.......#......# #''## ...#
.......#.####.# #.S.##...#
.......#)# #.# #......#####
.........####.#########.#.###....
##...##.........@M.........##....
#####....####..######.#.#.......
#...##.## ##..........####....
####.####..# #......#.### #....
.....## ##.# ##......#.# #....
#.....####.###....####.# #....
..###....#.....##...##.# #....
....####..........#.##.# #.###
..#.#.....##........# #.#


You could see Menkaure.

Vanquished Creatures
  2 orc wizards (D:4)
  3 worker ants
  A hound skeleton (D:4)
  A howler monkey skeleton (D:4)
  4 adders
  A shadow imp (D:3)
  2 worms
  3 dart slugs
  A leopard gecko (D:4)
  7 orcs
  5 giant cockroaches
  8 goblins
  4 hobgoblins
  3 jackals (D:1)
  7 kobolds
  A ball python (D:1)
  9 bats
  2 frilled lizards (D:2)
  A jackal skeleton (D:4)
  3 rats
68 creatures vanquished.

Vanquished Creatures (collateral kills)
  An ogre (D:4)
  A hound (D:2)
  A gnoll (D:1)
  A jackal (D:1)
4 creatures vanquished.

Vanquished Creatures (others)
  An orc wizard (D:4)
1 creature vanquished.

Grand Total: 73 creatures vanquished

Notes
Turn   | Place    | Note
-------+----------+-------------------------------------------
     0 | D:1      | night the Gargoyle Transmuter began the quest for the Orb.
     0 | D:1      | Reached XP level 1. HP: 12/12 MP: 3/3
   141 | D:1      | Reached XP level 2. HP: 8/16 MP: 5/5
   271 | D:1      | Learned a level 2 spell: Sticks to Snakes
   795 | D:1      | Reached XP level 3. HP: 7/20 MP: 0/6
  1885 | D:2      | Reached XP level 4. HP: 18/25 MP: 7/7
  2089 | D:2      | Found a burning altar of Makhleb.
  3086 | D:3      | Reached XP level 5. HP: 29/29 MP: 8/8
  3093 | D:3      | Learned a level 5 spell: Blade Hands
  3351 | D:3      | Reached skill level 1 in Armour
  3548 | D:4      | Noticed an ogre
  3565 | D:4      | Killed an ogre
  3816 | D:4      | Found a staircase to the Ecumenical Temple.
  3830 | Temple   | Entered the Ecumenical Temple
  4016 | Temple   | Became a worshipper of Dithmenos the Shadowed
  4044 | D:4      | Reached XP level 6. HP: 28/34 MP: 9/9
  4649 | D:4      | Noticed Menkaure
  4670 | D:4      | HP: 1/34 [Menkaure (2)]
  4671 | D:4      | Demolished by Menkaure

Skill      XL: |  1  2  3  4  5  6 |
---------------+-------------------+-----
Transmutations | 2 3 4 |  4.4
Unarmed Combat | 4 |  4.5
Armour         | 1 2 |  2.3
Fighting       | |  1.1
Dodging        | |  1.5
Spellcasting   | |  2.0

Action                   |  1- 3 |  4- 6 || total
-------------------------+-------+-------++-------
Melee: Unarmed           |   165 |   240 ||   405
       Punch             |       |     3 ||     3
       Headbutt          |       |     9 ||     9
       Kick              |       |     3 ||     3
 Cast: Sticks to Snakes  |     4 |     8 ||    12
       Beastly Appendage |       |     7 ||     7
  Eat: Chunk             |     2 |     8 ||    10
       Ration            |       |     1 ||     1
Armor: Robe              |    40 |       ||    40
       Ring mail         |    38 |   121 ||   159
Dodge: Dodged            |   124 |   149 ||   273
